 Dungeon Crawl Stone Soup version 0.26-a0-835-g8259106e14 (webtiles) character file.

Game seed: 10899994076072903221

162 mattiecakes the Shield-Bearer (level 5, -1/33 HPs)
             Began as a Gargoyle Fighter on Nov 17, 2020.
             Slain by an ogre
             ... wielding a +0 giant club
              (18 damage)
             ... on level 3 of the Dungeon.
             The game lasted 00:02:51 (1826 turns).

mattiecakes the Shield-Bearer (Gargoyle Fighter)    Turns: 1826, Time: 00:02:51

Health: -1/33      AC: 20    Str: 20    XL:     5   Next: 43%
Magic:  5/5        EV:  0    Int:  9    God:
Gold:   126        SH:  9    Dex:  9    Spells: 4/4 levels left

rFire    . . .     SeeInvis .   a - +0 war axe
rCold    + + .     Faith    .   c - +0 kite shield
rNeg     + . .     Spirit   .   o - +0 crystal plate armour
rPois    ∞         Reflect  .   (no helmet)
rElec    +         Harm     .   p - scarf {rC+ rF+}
rCorr    .         Rampage  .   (no gloves)
MR       .....                  (no boots)
Stlth    ..........             j - amulet of the acrobat
HPRegen  0.11/turn              i - ring of ice
MPRegen  0.09/turn              l - ring of stealth

@: no status effects
A: negative energy resistance 1, electricity resistance, unbreathing,
petrification resistance, rot immunity, AC +4
a: no special abilities


You were on level 3 of the Dungeon.
You visited 1 branch of the dungeon, and saw 3 of its levels.

You collected 126 gold pieces.

Inventory:

Hand Weapons
 a - a +0 war axe (weapon)
Armour
 c - a +0 kite shield (worn)
 o - a +0 crystal plate armour (worn)
 p - a scarf of resistance (worn)
Jewellery
 i - a ring of ice (left hand)
 j - an amulet of the acrobat (around neck)
 l - a ring of stealth (right hand)
Scrolls
 b - a scroll of teleportation {unknown}
 e - 7 scrolls of remove curse {unknown}
 f - 5 scrolls of identify
 g - a scroll of magic mapping {unknown}
 k - a scroll of enchant armour {unknown}
 n - a scroll of amnesia {unknown}
 s - a scroll of random uselessness {unknown}
 t - a scroll of enchant weapon {unknown}
Potions
 d - 2 potions of might
 h - 2 potions of magic {unknown}
 m - a potion of lignification {unknown}
 q - a potion of cancellation {unknown}
 r - 3 potions of degeneration {unknown}


   Skills:
 + Level 4.3 Fighting
 + Level 2.9 Axes
 + Level 4.3 Armour
 + Level 4.3 Shields


You had 4 spell levels left.
You didn't know any spells.
Your spell library was empty.

Dungeon Overview and Level Annotations

Branches:
Dungeon (3/15)

Altars:


Innate Abilities, Weirdness & Mutations

You are resistant to torment.
Your stone body is resilient. (AC +4)
You are immune to poison.
You resist negative energy. (rN+)
You are resistant to electric shocks. (rElec)
You can survive without breathing.
You are immune to petrification.
You are immune to rotting.


Message History

You hit the ogre but do no damage. You block the bat's attack.
You block the adder's attack. The ogre hits you with a +0 giant club!
You slash the ogre!
The ogre is moderately wounded.
You closely miss the adder. You block the bat's attack.
The bat hits you but does no damage. The adder bites you but does no damage.
The bat hits you but does no damage. The ogre hits you with a +0 giant club.
The adder bites you but does no damage.
You hit the ogre.
The ogre is heavily wounded.
You barely miss the adder. You hit the bat.
You kill the bat!
The adder bites you but does no damage. The ogre hits you with a +0 giant club.
You block the adder's attack.
You barely miss the ogre.
The ogre is heavily wounded.
You closely miss the goblin. You closely miss the adder. The adder bites you.
The ogre hits you with a +0 giant club!!
Ouch! That really hurt!
You die...

######## ...#..
........ ##.....
######## .......
##########
##.....
#........<
.......
#.########
....... #.#
...)..S########.#
...$).O@........#
..?...g##########
....... .......
#.#.### .... ..#
.#


You could see an ogre, an adder and a goblin.

Vanquished Creatures
  An iguana (D:3)
  6 adders
  2 worms (D:2)
  2 dart slugs (D:2)
  3 leopard geckos
  7 bats
  7 goblins
  7 hobgoblins
  7 jackals
  12 kobolds
  4 frilled lizards
  11 rats
69 creatures vanquished.

Notes
Turn   | Place    | Note
-------+----------+-------------------------------------------
     0 | D:1      | mattiecakes the Gargoyle Fighter began the quest for the
                  | Orb.
     0 | D:1      | Reached XP level 1. HP: 14/14 MP: 1/1
   141 | D:1      | Reached XP level 2. HP: 19/19 MP: 2/2
   294 | D:1      | Reached XP level 3. HP: 23/23 MP: 3/3
   819 | D:2      | Reached XP level 4. HP: 25/29 MP: 4/4
  1595 | D:3      | Reached XP level 5. HP: 33/33 MP: 5/5
  1820 | D:3      | Noticed an ogre
  1826 | D:3      | Slain by an ogre

Illustrated notes

Levels and vault maps discovered:
D:1:      dpeg_arrival_tiny_a, layout_rooms, dk_noncrumbling_3
D:2:      layout_loops_corners, hex_tiny
D:3:      layout_loops_ring, nicolae_overflow_hidden_temple, gammafunk_ghost_icy

Skill      XL: |  1  2  3  4 |
---------------+-------------+-----
Axes           | 2 |  2.9
Fighting       | 4 |  4.3
Armour         | 4 |  4.3
Shields        | 4 |  4.3

Action                   |  1- 3 |  4- 6 || total
-------------------------+-------+-------++-------
Melee: War axe           |    94 |   133 ||   227
  Use: Scroll            |     2 |       ||     2
Armor: Plate armour      |    59 |     4 ||    63
       Scale mail        |     1 |       ||     1
       Crystal plate arm |       |   111 ||   111
Dodge: Dodged            |    21 |    11 ||    32
Block: Kite shield       |    52 |    70 ||   122

Table legend: (Time is in decaauts)
 A = Elapsed time spent in this place.
 B = Non-inter-level travel time spent in this place.
 C = Inter-level travel time spent in this place.
 D = Time resting spent in this place.
 E = Time spent auto-exploring this place.
 F = Levels seen in this place.
 G = Mean time per level.
                   A        B        C        D        E       F      G
               +--------+--------+--------+--------+--------+-----+--------+
         Total |   1928 |   1890 |     38 |      0 |   1333 |   3 |  642.7 |
       Dungeon |   1928 |   1890 |     38 |      0 |   1333 |   3 |  642.7 |
               +--------+--------+--------+--------+--------+-----+--------+

Top non-repeatable levels by time:
     D:2: 1081 daAuts
     D:1: 566 daAuts
     D:3: 280 daAuts
